 Dungeon Crawl Stone Soup version 0.23.2-33-g5129a83184 (webtiles) character file.

Game seed: 16672833198694665730

2865 opellulo the Slinger (level 10, -8/71 HPs)
             Began as a Halfling Hunter on June 30, 2019.
             Was a Priest of Ru.
             Mangled by Joseph
             ... wielding a cursed -2 hunting sling
              (13 damage)
             ... on level 7 of the Dungeon.
             The game lasted 01:09:19 (9193 turns).

opellulo the Slinger (Halfling Hunter)              Turns: 9193, Time: 01:09:19

Health: -8/71      AC:  4    Str: 13    XL:     10   Next: 4%
Magic:  10/10      EV: 17    Int: 12    God:    Ru [***...]
Gold:   383        SH:  0    Dex: 22    Spells: 9/9 levels left

rFire    . . .     SeeInvis .   a - +1 hunting sling
rCold    . . .     Gourm    .   (shield restricted)
rNeg     . . .     Faith    .   c - +0 leather armour
rPois    .         Spirit   .   L - +0 helmet "Legutycy" {Regen+ Int+3 Dex+3}
rElec    .         Reflect  .   (no cloak)
rCorr    .         Harm     .   (no gloves)
MR       .....                  (no boots)
Stlth    +++.......             (no amulet)
HPRegen  0.61/turn              (no ring)
MPRegen  0.12/turn              (no ring)

@: exhausted, no potions, lightly drained
A: small, mutation resistance 1, inability to drink while threatened,
inexperienced 1
a: Draw Out Power, Renounce Religion


You were on level 7 of the Dungeon.
You worshipped Ru.
Ru was most pleased with you.
You were not hungry.

You visited 2 branches of the dungeon, and saw 8 of its levels.

You collected 383 gold pieces.

Inventory:

Hand Weapons
 a - a +1 hunting sling (weapon)
 b - a +0 short sword
 g - a +0 dagger
 i - a +0 short sword
 k - a +2 short sword of speed
 m - a +0 arbalest
 n - a +1 spear of piercing
 r - a +1 dagger of protection
 t - a +1 scythe of venom
 w - a +2 whip of flaming
 x - a +0 shortbow
 C - a +0 trident of piercing
 F - a +7 battleaxe of chopping
Missiles
 e - 413 stones (quivered)
 h - 142 arrows
 y - 9 sling bullets
 A - 37 bolts
 E - 6 needles of confusion
 K - 9 tomahawks of dispersal
Armour
 c - a +0 leather armour (worn)
 j - a +0 ring mail
 l - a +0 leather armour
 p - a +1 helmet
 u - a +0 robe
 D - a +0 leather armour
 H - a +4 chain mail
 L - the +0 helmet "Legutycy" (worn) {Regen+ Int+3 Dex+3}
   (You found it on level 6 of the Dungeon)

   It affects your intelligence (+3).
   It affects your dexterity (+3).
   It increases your rate of regeneration.
Magical Staves
 M - a cursed staff of power {unknown}
Wands
 s - a wand of flame (2)
 J - a wand of random effects (13)
Scrolls
 d - a scroll of blinking
 o - a scroll of remove curse
 v - a scroll of teleportation
 G - a scroll of identify
 I - a scroll of random uselessness
Potions
 q - a potion of curing
 z - a potion of mutation {unknown}
 B - a potion of lignification {unknown}
Comestibles
 f - 4 rations


   Skills:
 * Level 7.6(7.2) Fighting
 * Level 3.1(2.8) Short Blades
 - Level 12.7(12.2) Slings
 * Level 4.3(3.9) Armour
 * Level 4.7(4.3) Dodging
 * Level 4.3(3.9) Stealth
 + Level 0.7(0.4) Evocations


You had 9 spell levels left.
You didn't know any spells.
Your spell library was empty.

Dungeon Overview and Level Annotations

Branches:
Dungeon (7/15)             Temple (1/1) D:4

Altars:
Ashenzari
Cheibriados
Dithmenos
Elyvilon
Fedhas
Gozag
Hepliaklqana
Kikubaaqudgha
Makhleb
Nemelex Xobeh
Okawaru
Qazlal
Ru
Sif Muna
Trog
Uskayaw
Vehumet
Wu Jian
Xom
Yredelemnul
Zin
The Shining One

Annotations:
D:7 Joseph


Innate Abilities, Weirdness & Mutations

You are small and have problems with some larger weapons.
You are somewhat resistant to further mutation.
You cannot drink potions while threatened.
You are somewhat inexperienced. (-2 XL)


Message History

* * * LOW HITPOINT WARNING * * *
You are restored by drawing out deep reserves of power within.
You feel drained.
Joseph hits you with a cursed -2 hunting sling!!
* * * LOW HITPOINT WARNING * * *
Drop what? 39/52 slots (_ for help) (? for menu, Esc to quit)
Okay, then.
Firing (i - inventory. (/) - cycle)
e - 415 stones (quivered)
Press: ? - help, Shift-Dir - straight line, f/p - Joseph
Aim: Joseph, wielding a -2 hunting sling, wearing a +2 leather armour of poison resistance and carrying a wand of digging (3) (heavily wounded, berserk, fast, unusually strong)
You shoot a stone. The stone barely misses Joseph.
Joseph hits you with a cursed -2 hunting sling!
* * * LOW HITPOINT WARNING * * *
Firing (i - inventory. (/) - cycle)
e - 414 stones (quivered)
Press: ? - help, Shift-Dir - straight line, f/p - Joseph
Aim: Joseph, wielding a -2 hunting sling, wearing a +2 leather armour of poison resistance and carrying a wand of digging (3) (heavily wounded, berserk, fast, unusually strong)
You shoot a stone. The stone hits Joseph!
Joseph is severely wounded.
Joseph hits you with a cursed -2 hunting sling!
You die...

#########
#.......
##...... .
..... ##.
... #).
#.#
#.####<#
#.#....#
#.@.####
#@### #.h#
.%.(#
#.....(
........
.......(..
.(...#####
.....


You could see Joseph (berserk) and a hound.

Vanquished Creatures
  Pikel (D:4)
  Sigmund (D:2)
  Duvessa (D:4)
  An orc warrior (D:6)
  A sky beast (D:6)
  An ice beast (D:6)
  A slave (D:4)
  3 ogres
  4 centaurs
  3 big kobolds
  Blork the orc (D:4)
  2 bullfrogs (D:6)
  Dowan (D:4)
  A wyvern skeleton (D:6)
  A scorpion (D:6)
  A wight (D:5)
  2 jellies (D:5)
  3 crimson imps
  A centaur zombie (D:6)
  A bullfrog zombie (D:5)
  A bullfrog skeleton (D:4)
  A hound (D:6)
  3 orc priests
  A centaur skeleton (D:4)
  A gnoll shaman (D:6)
  2 iguanas
  2 orc wizards
  2 worker ants
  A hound zombie (D:5)
  2 howler monkey zombies
  23 gnolls
  11 adders
  3 shadow imps
  An adder zombie (D:5)
  2 adder skeletons
  4 worms
  5 dart slugs
  5 leopard geckos
  17 orcs
  8 giant cockroaches
  9 hobgoblins
  4 quokkas
  8 bats
  5 frilled lizards
  7 goblins
  A jackal skeleton (D:4)
  59 kobolds
  A quokka skeleton (D:5)
  A quokka zombie (D:6)
  8 rats
229 creatures vanquished.

Vanquished Creatures (others)
  A kobold (D:6)
1 creature vanquished.

Grand Total: 230 creatures vanquished

Notes
Turn   | Place    | Note
-------+----------+-------------------------------------------
     0 | D:1      | opellulo the Halfling Hunter began the quest for the Orb.
     0 | D:1      | Reached XP level 1. HP: 14/14 MP: 1/1
    10 | D:1      | Reached skill level 6 in Slings
    86 | D:1      | Reached XP level 2. HP: 19/19 MP: 2/2
   334 | D:1      | Reached XP level 3. HP: 24/24 MP: 3/3
   636 | D:1      | Reached skill level 7 in Slings
   780 | D:2      | Reached XP level 4. HP: 29/29 MP: 4/4
  1437 | D:2      | Reached XP level 5. HP: 34/35 MP: 5/5
  1448 | D:2      | Reached skill level 8 in Slings
  1541 | D:2      | Reached skill level 1 in Armour
  1670 | D:2      | Noticed Sigmund
  1678 | D:2      | Killed Sigmund
  1678 | D:2      | Reached skill level 9 in Slings
  1678 | D:2      | Reached XP level 6. HP: 26/41 MP: 6/6
  2084 | D:2      | Found a sacrificial altar of Ru.
  2092 | D:2      | Became a worshipper of Ru the Awakened
  2373 | D:3      | Reached skill level 10 in Slings
  2373 | D:3      | Reached XP level 7. HP: 23/46 MP: 7/7
  3417 | D:3      | Gained mutation: You are somewhat inexperienced. (-2 XL)
                  | [Ru sacrifice]
  3417 | D:3      | Reached XP level 6. HP: 42/42 MP: 6/6
  3417 | D:3      | Reached XP level 5. HP: 36/36 MP: 5/5
  3417 | D:3      | Reached * piety under Ru
  3417 | D:3      | Reached ** piety under Ru
  3548 | D:3      | Reached XP level 6. HP: 42/42 MP: 6/6
  3572 | D:3      | Reached skill level 11 in Slings
  4156 | D:4      | Found a staircase to the Ecumenical Temple.
  4178 | D:4      | Noticed Duvessa
  4197 | D:4      | Killed Duvessa
  4197 | D:4      | Reached XP level 7. HP: 36/48 MP: 7/7
  4198 | D:4      | Noticed Dowan
  4206 | D:4      | Killed Dowan
  4576 | D:4      | Noticed Pikel
  5088 | D:4      | Killed Pikel
  5088 | D:4      | Reached skill level 12 in Slings
  5088 | D:4      | Reached XP level 8. HP: 20/54 MP: 8/8
  5413 | D:4      | Noticed Blork the orc
  5447 | D:4      | Killed Blork the orc
  5447 | D:4      | Reached skill level 5 in Fighting
  6051 | Temple   | Entered the Ecumenical Temple
  6306 | D:5      | Entered Level 5 of the Dungeon
  6752 | D:5      | Reached XP level 9. HP: 52/61 MP: 9/9
  6898 | D:5      | Reached skill level 1 in Short Blades
  7785 | D:6      | Gained mutation: You cannot drink potions while threatened.
                  | [Ru sacrifice]
  7785 | D:6      | Reached *** piety under Ru
  8012 | D:6      | Got a heavily runed helmet
  8024 | D:6      | Identified the +0 helmet "Legutycy" {Regen+ Int+3 Dex+3}
                  | (You found it on level 6 of the Dungeon)
  8054 | D:6      | Found a white marble altar of Elyvilon.
  8686 | D:6      | Reached XP level 10. HP: 59/71 MP: 10/10
  9168 | D:7      | Noticed Joseph
  9193 | D:7      | Mangled by Joseph

Skill      XL: |  1  2  3  4  5  6  7  8  9 |
---------------+----------------------------+-----
Slings         | 6 7 9 11 12 | 12.7
Fighting       | 2 4 5 7 |  7.6
Armour         | 1 2 3 4 |  4.3
Stealth        | 2 3 4 |  4.3
Dodging        | 3 4 |  4.7
Short Blades   | 3 |  3.1
Evocations     | |  0.7

Action                   |  1- 3 |  4- 6 |  7- 9 | 10-12 || total
-------------------------+-------+-------+-------+-------++-------
Melee: Hunting sling     |       |       |     1 |       ||     1
 Fire: Hunting sling     |    68 |   213 |   695 |    50 ||  1026
Throw: Throwing net      |       |     1 |       |       ||     1
Invok: Sacrifice Experie |       |     1 |       |       ||     1
       Draw Out Power    |       |       |     1 |     1 ||     2
       Sacrifice Drink   |       |       |     1 |       ||     1
Evoke: Wand              |       |       |     7 |       ||     7
  Use: Scroll            |     3 |     7 |     3 |       ||    13
       Potion            |       |       |     5 |       ||     5
  Eat: Ration            |       |     3 |     4 |       ||     7
Armor: Leather armour    |     1 |     2 |    45 |     1 ||    49
Dodge: Dodged            |     5 |    32 |   184 |    17 ||   238
